 Dungeon Crawl Stone Soup version 0.31-a0-845-g9abc20d24f (webtiles) character file.

Game seed: 16656083197649588138

13650 Pooter the Severer (level 11, -7/104 HPs)
             Began as a Minotaur Berserker on Oct 1, 2023.
             Was a Priest of Trog.
             Shot with an arrow by a centaur warrior (10 damage)
             ... on level 10 of the Dungeon on Oct 2, 2023.
             The game lasted 00:54:28 (10945 turns).

Pooter the Severer (Minotaur Berserker)            Turns: 10945, Time: 00:54:28

Health: -7/104     AC: 20    Str: 30    XL:     11   Next: 78%
Magic:  19/19      EV:  8    Int:  4    God:    Trog [***...]
Gold:   1352       SH:  0    Dex: 12    Spells: 10/10 levels left

rFire   + . .        b - +3 longbow of Conformity {flame, rCorr MP+9 Stlth+}
rCold   . . .        (shield currently unavailable)
rNeg    . . .        g - +4 plate armour {rF+}
rPois   .            G - +2 hat {Will+}
rElec   .            D - +0 cloak
rCorr   +            l - +0 pair of gloves
SInv    .            i - +0 pair of boots
Will    ++...        (no amulet) Stlth
                     H - ring of willpower
HPRegen 0.37/turn    s - +6 ring of strength
MPRegen 0.16/turn

%: no passive effects
@: no status effects
A: horns 2, retaliatory headbutt
a: Renounce Religion, Berserk, Trog's Hand


You were on level 10 of the Dungeon.
You worshipped Trog.
Trog was most pleased with you.
You visited 1 branch of the dungeon, and saw 10 of its levels.
You also visited: Bailey.

You collected 1352 gold pieces.

Inventory:

Hand Weapons
 a - a +0 battleaxe
   (You took it off a wight on level 9 of the Dungeon)
 b - the +3 longbow of Conformity (weapon) {flame, rCorr MP+9 Stlth+}
   (You found it on level 10 of the Dungeon)

   MP+9:      It affects your magic capacity (+9).
   rCorr:     It protects you from acid and corrosion.
   Stlth+:    It makes you more stealthy.
 n - a +4 trident
   (You took it off an orc on level 4 of the Dungeon)
 p - a +5 flail of freezing
   (You took it off a wight on level 9 of the Dungeon)
 A - a +0 war axe
   (You found it on level 2 of the Dungeon)
 F - a +3 trident of draining
   (You found it on level 8 of the Dungeon)
 J - a +4 scimitar of flaming
   (You took it off an efreet on level 10 of the Dungeon)
Missiles
 k - 34 poisoned darts
 m - 12 datura-tipped darts
 o - 13 curare-tipped darts
 x - 17 boomerangs
 Q - 77 stones
Armour
 g - a +4 plate armour of fire resistance (worn)
   (You took it off a kobold in a bailey)
 i - a +0 pair of boots (worn)
   (You found it on level 10 of the Dungeon)
 j - a scarf of invisibility
   (You found it on level 2 of the Dungeon)
 l - a +0 pair of gloves (worn)
   (You found it on level 2 of the Dungeon)
 D - a +0 cloak (worn)
   (You found it on level 7 of the Dungeon)
 G - a +2 hat of willpower (worn)
   (You took it off Gastronok on level 8 of the Dungeon)
Jewellery
 s - a +6 ring of strength (right hand)
   (You found it on level 5 of the Dungeon)
 E - a +6 ring of intelligence
   (You found it on level 8 of the Dungeon)
 H - a ring of willpower (left hand)
   (You found it on level 8 of the Dungeon)
 I - a ring of protection from cold
   (You took it off a hobgoblin on level 2 of the Dungeon)
Wands
 f - a wand of flame (28)
   (You took it off Crazy Yiuf on level 5 of the Dungeon)
 u - a wand of polymorph (3)
   (You found it on level 5 of the Dungeon)
 v - a wand of roots (9)
   (You found it on level 8 of the Dungeon)
Scrolls
 d - 3 scrolls of poison {!r}
 q - a scroll of fear
 t - 3 scrolls of teleportation {@r4}
 y - 2 scrolls of immolation {!r}
 B - a scroll of blinking
Potions
 c - 5 potions of curing {@q1}
 e - a potion of might
 h - 5 potions of heal wounds {@q2}
 r - 2 potions of resistance
 w - a potion of mutation {unknown}
 z - a potion of berserk rage {unknown}
 C - 2 potions of cancellation


   Skills:
 + Level 12.0 Fighting
 * Level 16.2 Axes
 * Level 10.5 Ranged Weapons
 - Level 2.4 Armour
 - Level 2.1 Dodging


You had 10 spell levels left.
You didn't know any spells.
Your spell library was empty.

Dungeon Overview and Level Annotations

Branches:
Dungeon (10/15) Zot: 25035  Temple (0/1) D:4            Lair (0/5) D:9
    Orc (0/2) D:9          Bailey (visited)

Altars:
Cheibriados
Fedhas
Nemelex Xobeh
Ru
Sif Muna
Trog
Xom
Yredelemnul

Shops:
D:2 !


Innate Abilities, Weirdness & Mutations

You have a pair of horns on your head.
You reflexively headbutt those who attack you in melee.


Message History

You sock the four-headed hydra! You freeze the four-headed hydra.
You kill the four-headed hydra!
Trog accepts your kill.
Your Fighting skill increases to level 12!
Your +5 flail of freezing stops glowing.
a - a +0 battleaxe (weapon)
The +3 longbow of Conformity {flame, rCorr MP+9 Stlth+} bursts into flame!
b - the +3 longbow of Conformity (weapon)
{flame, rCorr MP+9 Stlth+} You start resting.
You start resting.
Okay, then.
Unknown command.
There is a stone staircase leading down here.
The centaur warrior unwields a +0 rapier.
The centaur warrior wields a +0 orcbow.
The centaur warrior shoots an arrow.
The arrow hits you!
You shoot an arrow.
The arrow closely misses the centaur warrior.
The centaur warrior shoots an arrow.
The arrow hits you but does no damage.
The centaur warrior shoots an arrow.
The arrow hits you.
You shoot an arrow. The arrow hits the centaur warrior!
The arrow burns the centaur warrior.
The centaur warrior shoots an arrow.
The arrow hits you!!
The centaur warrior shoots an arrow.
The arrow barely misses you.
You shoot an arrow. The arrow hits the centaur warrior.
The arrow burns the centaur warrior.
The centaur warrior shoots an arrow.
The arrow hits you!
You shoot an arrow. The arrow hits the centaur warrior!
The arrow burns the centaur warrior.
The centaur warrior shoots an arrow.
The arrow hits you!
The centaur warrior shoots an arrow.
The arrow hits you!
* * * LOW HITPOINT WARNING * * *
You are too injured to fight recklessly!
Fire: b) +3 longbow of Conformity {flame, rCorr MP+9 Stlth+}
Press: ? - help, Q - select action, (/) - cycle Shift-Dir - straight line, f/p - centaur warrior
Aim: a centaur warrior, wielding a +0 orcbow (moderately wounded, 75% to hit)
You shoot an arrow. The arrow hits the centaur warrior!!
The arrow burns the centaur warrior!
The centaur warrior shoots an arrow.
The arrow hits you!
* * * LOW HITPOINT WARNING * * *
The centaur warrior shoots an arrow.
The arrow hits you!
* * * LOW HITPOINT WARNING * * *
Fire: b) +3 longbow of Conformity {flame, rCorr MP+9 Stlth+}
Press: ? - help, Q - select action, (/) - cycle Shift-Dir - straight line, f/p - centaur warrior
Aim: a centaur warrior, wielding a +0 orcbow (almost dead, 75% to hit)
You shoot an arrow.
The arrow hits the centaur warrior but does no damage.
The centaur warrior shoots an arrow.
The arrow hits you!
* * * LOW HITPOINT WARNING * * *
The centaur warrior shoots an arrow.
The arrow hits you!
You die...

...#.#...#................
...#.#...#...........##### .
...#.#...#...........#....
'#######'##.'...#...........#....
..#..[#...#.#'###...........#....
.c#...#...#.................#....
..#=.%#...#........######...####'
'###'###'####......#....#...)....
. #...#...###...@..#....#........
#...'...'.c).....#....#....####
#...#...###......#....#....#
###########......#....'....#
#......[.......#....#....#
#......[[..>...#....#....#
#..............####'#....####
#.....<.)....................
#(######..................###


You could see a centaur warrior.

Vanquished Creatures
  Gastronok (D:8)
  A hydra (D:10)
  A boulder beetle (D:8)
  A centaur warrior (D:10)
  Pikel (D:6)
  An orc knight (Bailey)
  A deep elf pyromancer (D:10)
  An ugly thing (D:9)
  2 cyclopes
  A water nymph (D:8)
  Joseph (D:7)
  A freezing wraith (D:10)
  2 komodo dragons (D:9)
  An efreet (D:10)
  2 trolls
  A meliai (D:9)
  2 wraiths (D:9)
  2 wyverns (D:9)
  2 steam dragons
  A swamp drake (D:9)
  2 black bears
  6 orc warriors
  2 ice beasts
  A sky beast (D:7)
  3 ogres
  3 wolves (D:9)
  A centaur (D:10)
  A lemure (D:6)
  2 phantoms
  8 kobold brigands
  2 bullfrogs
  2 scorpions
  14 wights
  15 killer bees
  4 howler monkeys
  An iron imp (D:5)
  4 orc priests
  10 hounds
  Crazy Yiuf (D:5)
  A gnoll bouda (D:9)
  A sleepcap (D:8)
  9 iguanas
  6 orc wizards
  5 gnolls (D:9)
  10 adders
  A shadow imp (D:5)
  4 white imps
  2 ufetubi
  2 worms
  27 orcs
  10 endoplasms
  7 giant cockroaches
  7 hobgoblins
  5 jackals
  2 quokkas
  11 ball pythons
  5 bats
  4 frilled lizards
  13 goblins
  17 kobolds
  7 rats
264 creatures vanquished.

Vanquished Creatures (collateral kills)
  2 orcs (D:6)
2 creatures vanquished.

Vanquished Creatures (others)
  An orc (D:6)
1 creature vanquished.

Grand Total: 267 creatures vanquished

Notes
Turn   | Place    | Note
-------+----------+-------------------------------------------
     0 | D:1      | Pooter the Minotaur Berserker began the quest for the Orb.
     0 | D:1      | Reached XP level 1. HP: 19/19 MP: 0/0
   154 | D:1      | Reached skill level 4 in Axes
   171 | D:1      | Reached XP level 2. HP: 27/27 MP: 1/1
   752 | D:2      | Reached ** piety under Trog
   805 | D:2      | Reached XP level 3. HP: 33/33 MP: 2/2
   888 | D:2      | Found Gueritri's Distillery.
  1319 | D:2      | Reached skill level 5 in Axes
  1566 | D:3      | Reached XP level 4. HP: 41/41 MP: 3/3
  1681 | D:3      | Reached skill level 1 in Ranged Weapons
  1756 | D:3      | Reached *** piety under Trog
  1830 | D:3      | Found a shimmering blue altar of Sif Muna.
  2133 | D:4      | Found a staircase to the Ecumenical Temple.
  2244 | D:4      | Reached XP level 5. HP: 47/47 MP: 4/4
  2274 | D:4      | Noticed an ogre
  2281 | D:4      | Killed an ogre
  2282 | D:4      | Reached skill level 5 in Fighting
  2282 | D:4      | Reached skill level 6 in Axes
  2289 | D:4      | Reached XP level 6. HP: 44/56 MP: 5/5
  2445 | D:4      | Reached skill level 7 in Axes
  2673 | D:5      | Entered Level 5 of the Dungeon
  2741 | D:5      | Reached XP level 7. HP: 62/62 MP: 6/6
  2863 | D:5      | Reached skill level 8 in Axes
  3319 | D:5      | Found a snail-covered altar of Cheibriados.
  3498 | D:5      | Found a runed translucent door.
  3499 | D:5      | Noticed Crazy Yiuf
  3507 | D:5      | Killed Crazy Yiuf
  3508 | D:5      | Reached XP level 8. HP: 71/71 MP: 7/7
  3633 | D:6      | Reached skill level 9 in Axes
  3681 | D:6      | Found a sparkling altar of Nemelex Xobeh.
  3797 | D:6      | Noticed Pikel
  3827 | D:6      | Killed Pikel
  3828 | D:6      | Reached skill level 10 in Axes
  3828 | D:6      | Reached skill level 5 in Ranged Weapons
  4221 | D:6      | Found a sacrificial altar of Ru.
  4234 | D:6      | Reached **** piety under Trog
  4287 | D:6      | Reached XP level 9. HP: 81/81 MP: 8/8
  4422 | D:6      | Reached skill level 11 in Axes
  4967 | D:7      | Noticed Joseph
  4983 | D:7      | Killed Joseph
  5003 | D:7      | Noticed a cyclops
  5103 | D:7      | Found a flagged portal.
  5132 | Bailey   | Entered a bailey
  5460 | Bailey   | Reached skill level 12 in Axes
  5584 | Bailey   | Noticed an orc knight
  5597 | Bailey   | Killed an orc knight
  5698 | Bailey   | Reached XP level 10. HP: 91/91 MP: 9/9
  5950 | Bailey   | Found a bloodstained altar of Trog.
  6026 | D:7      | Reached skill level 13 in Axes
  6110 | D:7      | Killed a cyclops
  7092 | D:8      | Noticed Jeremiah
  7110 | D:8      | Jeremiah changed into Jeremiah the water nymph
  7110 | D:8      | Noticed Jeremiah
  7119 | D:8      | Killed Jeremiah the water nymph
  7120 | D:8      | Reached skill level 10 in Fighting
  7374 | D:8      | Noticed Gastronok
  7397 | D:8      | Killed Gastronok
  7398 | D:8      | Reached skill level 14 in Axes
  7491 | D:8      | Noticed a boulder beetle
  7503 | D:8      | Killed a boulder beetle
  8093 | D:9      | Reached XP level 11. HP: 93/95 MP: 10/10
  8120 | D:9      | Found a staircase to the Lair.
  8121 | D:9      | Found a staircase to the Orcish Mines.
  8182 | D:9      | Reached skill level 15 in Axes
  9077 | D:10     | Entered Level 10 of the Dungeon
  9094 | D:10     | Found a shimmering altar of Xom.
  9094 | D:10     | Found a bloodstained altar of Trog.
  9102 | D:10     | Found a basalt altar of Yredelemnul.
  9104 | D:10     | Found a faded altar of an unknown god.
  9106 | D:10     | Found a faded altar of an unknown god.
  9267 | D:10     | Noticed a centaur warrior
  9406 | D:10     | Noticed a purple ugly thing
  9458 | D:9      | Killed a purple ugly thing
  9970 | D:10     | Found a blossoming altar of Fedhas.
 10069 | D:10     | Noticed a deep elf pyromancer
 10092 | D:10     | Killed a deep elf pyromancer
 10188 | D:10     | Reached skill level 10 in Ranged Weapons
 10376 | D:10     | Reached skill level 16 in Axes
 10611 | D:10     | Killed a centaur warrior
 10716 | D:10     | Noticed a centaur warrior
 10716 | D:10     | Noticed a four-headed hydra
 10718 | D:10     | Identified the +3 longbow of Conformity {flame, rCorr MP+9
                  | Stlth+}
 10859 | D:10     | Killed a four-headed hydra
 10945 | D:10     | HP: 3/104 [centaur warrior/arrow (16)]
 10945 | D:10     | Shot with an arrow by a centaur warrior

Illustrated notes

Levels and vault maps discovered:
D:1:      dpeg_arrival_simpleton_c, layout_basic, minmay_box_of_dots
D:2:      layout_loops_ring, serial_shops, nicolae_shop_advertising_works
          [nicolae_subvault_shop_adworks], minmay_vboxes
D:3:      layout_basic, nicolae_sif_muna_condensation
D:4:      layout_rooms, minmay_temple_entry_offerings
D:5:      layout_loops_ring, slow_altar_2, uniq_crazy_yiuf_cottage
D:6:      layout_basic, old_standard_altar, mainiacjoe_overflow_brackets,
          uniq_pikel
D:7:      layout_cave_pods, enter_bailey_5, minmay_gold_behind_fungi,
          uniq_joseph
D:8:      layout_loops_ring, chequers_garden, minmay_misc_feat_rows,
          uniq_gastronok, uniq_jeremiah
D:9:      layout_basic, erik_lair_island, orc_0_dummy, serial_curves,
          eino_curves_03, eino_curves_03
D:10:     layout_irregular_city, chequers_temple_overflow_minitemple,
          fedhas_bush_and_centaur_altar, minmay_evil_grid

Skill      XL: |  1  2  3  4  5  6  7  8  9 10 11 |
---------------+----------------------------------+-----
Axes           | 4 5 6 7 8 10 12 14 16 | 16.2
Fighting       | 4 5 6 8 9 10 12 | 12.0
Ranged Weapons | 1 2 3 4 5 7 9 10 | 10.5
Armour         | |  2.4
Dodging        | |  2.1

Action                     |  1- 3 |  4- 6 |  7- 9 | 10-12 || total
---------------------------+-------+-------+-------+-------++-------
  Melee: Hand axe          |    59 |       |       |       ||    59
         Headbutt          |    10 |    10 |    27 |    40 ||    87
         War axe           |    41 |    58 |    68 |    97 ||   264
         Trident           |       |    40 |   109 |       ||   149
         Battleaxe         |       |       |       |   109 ||   109
         Punch             |       |       |       |     2 ||     2
         Flail             |       |       |       |     3 ||     3
   Fire: Sling             |     5 |    18 |    20 |       ||    43
         Orcbow            |       |       |       |    67 ||    67
         Longbow           |       |       |       |     9 ||     9
  Throw: Dart              |       |     5 |    14 |     2 ||    21
         Boomerang         |       |       |       |     5 ||     5
 Invoke: Berserk           |     2 |     2 |    11 |    18 ||    33
         Trog's Hand       |     1 |       |     8 |    10 ||    19
  Evoke: Wand              |       |       |     5 |     8 ||    13
    Use: Scroll            |     5 |     1 |     2 |     8 ||    16
         Potion            |       |       |     1 |     2 ||     3
   Stab: Sleeping          |     1 |       |       |       ||     1
 Armour: Animal skin       |    27 |       |       |       ||    27
         Scale mail        |    29 |    41 |       |       ||    70
         Chain mail        |       |    20 |   123 |     8 ||   151
         Plate armour      |       |       |       |   280 ||   280
  Dodge: Dodged            |    54 |    62 |    78 |   113 ||   307
  Block: Buckler           |       |       |    24 |     3 ||    27

Table legend: (Time is in decaauts)
 A = Elapsed time spent in this place.
 B = Non-inter-level travel time spent in this place.
 C = Inter-level travel time spent in this place.
 D = Time resting spent in this place.
 E = Time spent auto-exploring this place.
 F = Levels seen in this place.
 G = Mean time per level.
                   A        B        C        D        E       F      G
               +--------+--------+--------+--------+--------+-----+--------+
         Total |  11343 |  11138 |    205 |   3459 |   5340 |  11 | 1031.2 |
       Dungeon |  10414 |  10209 |    205 |   2845 |   5330 |  10 | 1041.4 |
        Bailey |    928 |    928 |      0 |    613 |     10 |   1 |  928.0 |
               +--------+--------+--------+--------+--------+-----+--------+

Top non-repeatable levels by time:
     D:9: 2153 daAuts
     D:6: 1264 daAuts
     D:8: 1174 daAuts
     D:7: 1057 daAuts
    D:10: 1051 daAuts
     D:5: 952 daAuts
  Bailey: 928 daAuts
     D:2: 823 daAuts
     D:1: 740 daAuts
     D:3: 601 daAuts
     D:4: 593 daAuts
